cohdb
Replays
Latest Replays
All Replays
Popular Replays
Top Player Replays
Match Explorer
How It Works
Community
CoH3 Stats
Reddit
Sign in to upload your games and track your stats! →
Sign in with Steam
Match 21594318
Unlisted
Match 21594318
Overview
Messages
Build Orders
End
Construct Infanterie Kompanie
Selects Italian Coastal Battlegroup
Selects Coastal Reserves
Coastal Reserve
Kettenkrad Recon Vehicle
Coastal Reserve
Medical Station
Selects Artillery Officer
Artillery Officer
Construct Panzergrenadier Kompanie
Coastal Reserve
Pak 40 Anti-tank Gun Team
251 Medium Carrier
Selects Support Bunkers
Selects Designated Artillery Overwatch
MG 42 Bunker
Designated Artillery Overwatch
MG 42 Bunker
MG 42 Bunker
MG 42 Bunker
Support Elements
Designated Artillery Overwatch
Selects Obice da 210/22 Artillery Emplacement
MG 42 Bunker
Selects Bulwark
Designated Artillery Overwatch
kerem
Negan
Emir Solmaz
Dussan
EndLessWave
KokiGer
Smasher [NL]
Flinkz
0
0
Comments
sign in to comment!
No comments posted yet!